 Dungeon Crawl Stone Soup version 0.19-a0-854-gc78d25d (webtiles) character file.

320 Implojin the Cleaver (level 6, -6/51 HPs)
             Began as a Minotaur Fighter on July 2, 2016.
             Mangled by an orc warrior
             ... wielding a +0 scimitar
              (8 damage)
             ... on level 7 of the Dungeon.
             The game lasted 00:04:15 (746 turns).

Implojin the Cleaver (Minotaur Fighter)              Turns: 746, Time: 00:04:15

Health: -6/51      AC:  6    Str: 25    XL:     6   Next: 22%
Magic:  5/5        EV:  7    Int:  5    God:
Gold:   87         SH: 10    Dex: 12    Spells: 0 memorised, 5 levels left

rFire  . . .     SeeInvis .     a - +0 war axe
rCold  . . .     Gourm    .     b - +0 scale mail
rNeg   . . .     Faith    .     c - +0 shield
rPois  .         Spirit   .     (helmet restricted)
rElec  .         Dismiss  .     (no cloak)
rCorr  .         Reflect  .     (no gloves)
SustAt .         Harm     .     (no boots)
MR     .....                    (no amulet)
Stlth  ..........               (no ring)
                                (no ring)

@: mighty, not resistant to hostile enchantments, extremely unstealthy
A: retaliatory headbutt, horns 2
a: no special abilities


You were on level 7 of the Dungeon.
You were not hungry.

You visited 2 branches of the dungeon, and saw 9 of its levels.

You collected 87 gold pieces.

Inventory:

Hand Weapons
 a - a +0 war axe (weapon)
Armour
 b - a +0 scale mail (worn)
 c - a +0 shield (worn)
Scrolls
 e - a scroll of enchant weapon {unknown}
 g - a scroll of amnesia {unknown}
 h - 4 scrolls of recharging {unknown}
 l - a scroll of immolation {unknown}
 m - a scroll of identify {unknown}
 n - a scroll of teleportation {unknown}
Potions
 d - a potion of might
Books
 k - a book of the Tempests

   Spells                             Type                      Level
   a - Static Discharge               Conjuration/Air              3
   b - Lightning Bolt                 Conjuration/Air              5
   c - Fireball                       Conjuration/Fire             5
   d - Tornado                        Air                          9
   e - Shatter                        Earth                        9
 o - a book of Burglary

   Spells                             Type                      Level
   a - Swiftness                      Charms/Air                   2
   b - Passwall                       Transmutation/Earth          2
   c - Passage of Golubria            Translocation                4
   d - Lee's Rapid Deconstruction     Earth                        5
   e - Darkness                       Hexes                        6
   f - Invisibility                   Hexes                        6
Comestibles
 f - 2 bread rations
 j - 2 slices of pizza
 q - a meat ration


   Skills:
 - Level 3.6 Fighting
 * Level 8.0 Axes
 - Level 3.6 Armour
 - Level 3.6 Shields


You had 5 spell levels left.
You didn't know any spells.

Dungeon Overview and Level Annotations

Branches:
Dungeon (8/15)             Temple (1/1) D:5
   Lair: D:8-11

Altars:
Ashenzari
Cheibriados
Elyvilon
Gozag
Hepliaklqana
Kikubaaqudgha
Nemelex Xobeh
Pakellas
Ru
Trog
Uskayaw
Vehumet
Xom
Zin
The Shining One

Annotations:
D:4 exclusion: statue
D:8 sugabear's ghost, novice VSGl


Innate Abilities, Weirdness & Mutations

You reflexively headbutt those who attack you in melee.
You have a pair of horns on your head.


Message History

Unknown command.
You closely miss the orc wizard. Your headbutt misses the orc wizard.
The orc wizard hits you with a dagger.
* * * LOW HITPOINT WARNING * * *
Unknown command.
You closely miss the orc wizard. The orc wizard hits you with a dagger.
* * * LOW HITPOINT WARNING * * *
Unknown command.
You closely miss the orc wizard. Your headbutt misses the orc wizard.
The orc wizard hits you but does no damage.
Your shield prevents you from hitting the orc wizard.
The orc wizard points at you and mumbles some strange words.
The puff of flame hits you!
* * * LOW HITPOINT WARNING * * *
The orc wizard barely misses you. You furiously retaliate!
You headbutt the orc wizard!
Unknown command.
You closely miss the orc wizard.
The orc wizard is severely wounded.
You hit the orc but do no damage. The orc closely misses you.
You block the orc wizard's attack.
You slash the orc wizard!
You kill the orc wizard!
Your Axes skill increases to level 8!
You closely miss the orc. The orc hits you but does no damage.
The orc hits you with a mace!
* * * LOW HITPOINT WARNING * * *
Your shield and scale mail prevent you from hitting the orc warrior.
You slash the orc!
You kill the orc!
You block the orc warrior's attack.
Okay, then.
Okay, then.
You barely miss the orc warrior. You headbutt the orc warrior.
The orc warrior is lightly wounded.
You block the orc warrior's attack.
You barely miss the orc warrior.
The orc warrior is lightly wounded.
The orc warrior hits you with a scimitar!
You die...

##########
#........#
#........##
#.......<.##
#..........##
#........)..#
+....@....>.#
#(..)o...)..#
..............#
.#........(...#
..............#
........##.#.##
.#.#.##.##.#.#
.... #.##.#.#
#. .#


You could see an orc warrior.

Vanquished Creatures
  An ice beast (D:5)
  A crimson imp (D:4)
  A hound (D:4)
  3 orc wizards
  A worker ant (D:4)
  3 adders (D:4)
  A shadow imp (D:5)
  2 worms
  3 giant geckos
  4 orcs
  A ball python (D:1)
  A goblin (D:1)
  2 hobgoblins
  2 quokkas
  A bat (D:3)
  2 giant gecko zombies (D:5)
  2 kobolds (D:7)
  A rat (D:3)
32 creatures vanquished.

Notes
Turn   | Place    | Note
-------+----------+-------------------------------------------
     0 | D:1      | Implojin the Minotaur Fighter began the quest for the Orb.
     0 | D:1      | Reached XP level 1. HP: 19/19 MP: 0/0
     1 | D:1      | Noticed an electric eel
    40 | D:2      | Reached skill level 3 in Axes
    46 | D:2      | You fall through a shaft!
   134 | D:4      | Reached XP level 2. HP: 20/26 MP: 1/1
   236 | D:4      | Reached skill level 4 in Axes
   236 | D:4      | Reached XP level 3. HP: 26/31 MP: 2/2
   240 | D:4      | Found a white marble altar of Elyvilon.
   280 | D:4      | Reached skill level 5 in Axes
   283 | D:4      | Found a shimmering altar of Xom.
   290 | D:4      | Reached XP level 4. HP: 28/39 MP: 3/3
   298 | D:4      | Reached skill level 6 in Axes
   311 | D:4      | Found a radiant altar of Vehumet.
   311 | D:4      | Noticed a frost-covered statue
   333 | D:5      | Entered Level 5 of the Dungeon
   386 | D:4      | Found a shattered altar of Ashenzari.
   462 | D:5      | Reached XP level 5. HP: 26/45 MP: 4/4
   518 | D:5      | Found a staircase to the Ecumenical Temple.
   528 | Temple   | Entered the Ecumenical Temple
   644 | D:5      | Noticed an ice beast
   657 | D:5      | Killed an ice beast
   657 | D:5      | Reached skill level 7 in Axes
   678 | D:6      | Reached XP level 6. HP: 14/51 MP: 5/5
   697 | D:6      | Found a glowing silver altar of Zin.
   724 | D:8      | Noticed sugabear's ghost (novice VSGl)
   737 | D:7      | Noticed an orc warrior
   743 | D:7      | Reached skill level 8 in Axes
   743 | D:7      | HP: 1/51 [orc/mace (8)]
   746 | D:7      | Mangled by an orc warrior

Vault maps used:
D:1:      arrival_aquarium_a, minmay_fountain_box, roderic_serpentine_path
D:2:      minmay_lizard_king, uniq_robin
D:3:      lemuel_blue_sif_altar, first_bread
D:4:      vehumet_statue, led_xom_imps, marbit_many_paths, old_standard_altar
D:5:      yredelemnul_altar_generic, kennysheep_mini, lemuel_doored_altar,
          kennysheep_generic_room_5
D:6:      zin_scriptorium, overflow_temple_1_default, serial_shops, shop,
          minmay_holes, minmay_strange_pillars, st_stairs_7
D:7:      nicolae_dithmenos_through_a_glass_darkly
D:8:      serial_shops, shop, blue_anna_alchemist, minmay_strange_pillars
Temple:   jpeg_temple_alley_garden

Skill      XL: |  1  2  3  4  5  6 |
---------------+-------------------+-----
Axes           | 3 4 5 6 7 8 |  8.0
Fighting       | |  3.6
Armour         | |  3.6
Shields        | |  3.6

Action                   |  1- 3 |  4- 6 || total
-------------------------+-------+-------++-------
Melee: War axe           |    34 |    69 ||   103
       Headbutt          |     4 |    10 ||    14
  Use: Potion            |       |     3 ||     3
Armor: Scale mail        |    14 |    22 ||    36
Dodge: Dodged            |     7 |    21 ||    28
Block: Shield            |    16 |    39 ||    55

Table legend:
 A = Turns spent in this place as a percentage of turns spent in the entire game.
 B = Non-inter-level travel turns spent in this place as a percentage of non-inter-level travel turns spent in the entire game.
 C = Inter-level travel turns spent in this place as a percentage of turns spent in this place.
 D = Turns resting spent in this place as a percentage of non-inter-level travel turns spent in this place.
 E = Turns spent auto-exploring this place as a percentage of non-inter-level travel turns spent in this place.
 F = Non-inter-level travel turns spent in this place divided by the number of levels of this place that you've seen.
                   A       B       C       D       E      F
               +-------+-------+-------+-------+-------+----------------------
         Total | 100.0 | 100.0 |   0.0 |   0.0 |   0.0 |  84.0
       Dungeon |  89.8 |  89.8 |   0.0 |   0.0 |   0.0 |  84.9
        Temple |  10.2 |  10.2 |   0.0 |   0.0 |   0.0 |  77.0
               +-------+-------+-------+-------+-------+----------------------

Table legend:
 A = Kills in this place as a percentage of kills in entire the game.
 B = Kills by you in this place as a percentage of kills by you in the entire game.
 C = Kills by friends in this place as a percentage of kills by friends in the entire game.
 D = Other kills in this place as a percentage of other kills in the entire game.
 E = Experience gained in this place as a percentage of experience gained in the entire game.
 F = Experience gained in this place divided by the number of levels of this place that you have seen.
                   A       B       C       D       E      F
               +-------+-------+-------+-------+-------+----------------------
         Total | 100.0 | 100.0 |  -nan |  -nan | 100.0 |  50.9
       Dungeon | 100.0 | 100.0 |  -nan |  -nan | 100.0 |  57.2
               +-------+-------+-------+-------+-------+----------------------
